AoeStats
← Kwisatz Haderach

Yucatan

510938315Analyzed
3v3 RM · 5h ago on Oct 3, 2026· 28m 43s· 6 players
Game mode
Random Map
Map size
Normal (6 player)
Population
200
Speed
Normal
Resources
Standard
Victory
Conquest
Starting age
Dark Age
Ending age
Imperial Age
RankedLock teamsTeams togetherTeam positionsShared explorationLock speedFull tech treeHidden civsTurbo modeCheats
Victory
Defeat
🇲🇽 Maya · Mexico
1459
+12
🇲🇽 Britons · Mexico
1409
+14
🇲🇽 Mongols · Mexico
1339
+16
🇦🇺 Britons · Australia
1441
-17
🇦🇺 Varangians · Australia
1379
-15
🇦🇺 Khitans · Australia
1258
-10
Kwisatz Haderach
7:27 Loom
10:29 Feudal Age
16:52 Castle Age
14:56 Double-Bit Axe
15:42 Bloodlines
16:57 Scale Barding Armor
17:07 Forging
18:35 Scale Barding Armor
21:54 Horse Collar
25:03 Husbandry
27:48 Chain Barding Armor
Timoisgr8
10:32 Feudal Age
11:17 Loom
14:29 Castle Age
13:02 Loom
14:52 Double-Bit Axe
17:26 Bow Saw
18:01 Horse Collar
22:03 Heavy Plow
23:33 Wheelbarrow
25:47 Fletching
28:59 Imperial Age
27:31 Yeomen
27:46 Ballistics
27:29 Bodkin Arrow
27:35 Padded Archer Armor
Bfish
5:29 Loom
11:10 Feudal Age
12:32 Double-Bit Axe
26:53 Domestication
Tx8 | Erickato
0:27 Loom
10:56 Feudal Age
13:14 Wheelbarrow
15:20 Castle Age
14:08 Horse Collar
15:32 Double-Bit Axe
18:28 Fletching
19:23 Bodkin Arrow
22:18 Padded Archer Armor
24:24 Leather Archer Armor
Tx8 | AlexisCubo
8:20 Feudal Age
8:27 Loom
14:51 Wheelbarrow
16:19 Castle Age
15:54 Forging
15:59 Stone Mining
17:03 Bloodlines
20:56 Double-Bit Axe
21:24 Fletching
22:59 Bodkin Arrow
24:58 Bow Saw
Tx8 | EtergenInvictus
6:43 Loom
9:02 Feudal Age
9:16 Man-at-Arms
12:56 Fletching
16:59 Padded Archer Armor
19:56 Wheelbarrow
21:48 Castle Age
20:29 Double-Bit Axe
20:24 Horse Collar
20:37 Gold Mining
23:27 Bodkin Arrow
24:40 Bow Saw
24:31 Heavy Plow
26:10 Ballistics
26:06 Leather Archer Armor
27:28 Husbandry
Connection lost

Rejoining the realm…

Still unreachable

The connection could not be restored.

Session expired

The server has moved on; the page needs a fresh start.